Cogmind - Beta 12 X4 @@@ ROGUE MODE // 2022.12.15 @ 01:47:34 Player: Runia Result: Destroyed by as-74882 with Assembled Blade Performance ------------- Evolutions (0) 0 Regions Visited (4) 800 Robots Destroyed (34) 170 Value Destroyed (668) 668 Prototype IDs (5) 100 Alien Tech Used (0) 0 Bonus (0) 0 TOTAL SCORE: 1738 Bonus ------- None Cogmind --------- Core Integrity 0/250 Matter 290/300 Energy 19/100 System Corruption 1% Temperature Cool (0) Movement Rolling (195) Ox7 Location -9/Mines Parts ------- > --- POWER (1) -------- (None) > --- PROPULSION (2) --- Light Treads Armored Wheel > --- UTILITY (2) ------ Improved Heat Sink Huge Storage Unit > --- WEAPON (2) ------- EM Shotgun Beam Rifle > --- INVENTORY (25) --- Light Treads Light Treads Light Treads Armored Wheel Armored Wheel Armored Wheel Cooling System High-capacity Matter Pod (200) Improved Targeting Computer Light Armor Plating Medium Armor Plating Medium Armor Plating Medium Armor Plating Medium Armor Plating EM Shotgun Light EM Pulse Cannon Light EM Pulse Cannon Grenade Launcher Grenade Launcher Grenade Launcher Datajack Flail Heavy Explosive Trap Peak State ------------ > --- POWER ------------ Light Nuclear Core > --- PROPULSION ------- Light Treads Armored Wheel > --- UTILITY ---------- Improved Heat Sink Huge Storage Unit > --- WEAPON ----------- Beam Rifle Light Assault Rifle > --- INVENTORY -------- Light Treads Light Treads Light Treads Armored Wheel Armored Wheel Armored Wheel Cooling System High-capacity Matter Pod Improved Targeting Computer Core Shielding Light Armor Plating Light Armor Plating Medium Armor Plating Medium Armor Plating Medium Armor Plating Medium Armor Plating EM Shotgun EM Shotgun Light EM Pulse Cannon Light EM Pulse Cannon Grenade Launcher Grenade Launcher Grenade Launcher Datajack [Rating: 16] Favorites ----------- Power Ion Engine Engine Ion Engine Power Core Light Nuclear Core Propulsion Light Treads Treads Light Treads Leg Aluminum Leg Wheel Armored Wheel Utility Improved Heat Sink Device Improved Heat Sink Storage Huge Storage Unit Weapon Light Assault Rifle Energy Gun Beam Rifle Energy Cannon Light EM Pulse Cannon Ballistic Gun Light Assault Rifle Launcher Grenade Launcher Build | -11 -10 -10 -10 -9 ------- Run | Scr Mat Min Exi Min Slots Evolved . | . . . . . Power . | . . . . . Propulsion . | . . . . . Utility . | . . . . . Weapon . | . . . . . Parts Attached 24 | 2 13 5 . 4 Power 4 | . 3 1 . . Engine 3 | . 3 . . . Core 1 | . . 1 . . Reactor . | . . . . . Propulsion 4 | 2 2 . . . Treads 3 | 2 1 . . . Leg . | . . . . . Wheel 1 | . 1 . . . Hover . | . . . . . Flight . | . . . . . Utility 3 | . 3 . . . Device 1 | . 1 . . . Storage 2 | . 2 . . . Processor . | . . . . . Hackware . | . . . . . Protection . | . . . . . Artifact . | . . . . . Weapon 13 | . 5 4 . 4 Energy Gun 4 | . 1 1 . 2 Energy Cannon 1 | . . 1 . . Ballistic Gun 5 | . 3 1 . 1 Ballistic Cannon . | . . . . . Launcher 3 | . 1 1 . 1 Special Weapon . | . . . . . Impact Weapon . | . . . . . Slashing Weapon . | . . . . . Piercing Weapon . | . . . . . Special Melee Weapon . | . . . . . Unidentified Prototypes . | . . . . . Parts Lost 5 | . 1 2 . 2 Power 2 | . . 1 . 1 Propulsion . | . . . . . Utility . | . . . . . Weapon 3 | . 1 1 . 1 Highest Loss Streak 2 | . 1 2 . 2 To Critical Strikes . | . . . . . Average Slot Usage (%) 94 | . 97 99 75 92 Engine 8 | . 14 1 . . Core 5 | . . 11 14 13 Treads 19 | . 24 14 14 14 Wheel 8 | . 3 14 14 14 Device 12 | . 11 14 14 14 Storage 14 | . 14 14 14 14 Energy Gun 10 | . 11 11 2 10 Ballistic Gun 13 | . 16 15 2 10 Naked Turns . | . . . . . Heaviest Build 90 | 11 90 90 90 90 Greatest Support 40 | 40 40 12 12 12 Greatest Overweight (x) 7 | . 7 7 7 7 Average Overweight (x) 4 | . 2 7 7 7 Largest Inventory Capacity 25 | 8 25 25 25 25 Average Capacity 20 | 8 17 25 25 25 Most Carried 25 | 6 25 25 25 25 Average Carried 18 | 4 13 24 24 23 Final Capacity 25 | 8 25 25 25 25 Final Carried 25 | 2 24 25 25 23 Class Distribution -------------------- 72% | Mutant 27% | Scavenger-Mutant Dominant Class ---------------- Mutant | -10/Materials Scavenger-Mutant | -10/Mines Mutant | -10/Exiles Scavenger-Mutant | -9/Mines Resources | -11 -10 -10 -10 -9 ----------- Run | Scr Mat Min Exi Min Matter Collected 800 | 200 237 180 130 53 Remotely . | . . . . . Salvage Created 1158 | . 847 180 . 131 Parts 73 | . 53 10 . 10 Haulers Intercepted 2 | . 2 . . . Recyclers Shooed 4 | . 4 . . . Parts Field Recycled . | . . . . . Retrieved Matter . | . . . . . Parts Self-Destructed . | . . . . . Prevented . | . . . . . Kills | -11 -10 -10 -10 -9 ------- Run | Scr Mat Min Exi Min Combat Hostiles Destroyed 22 | . 12 5 . 5 Guns 17 | . 12 2 . 3 AOE 5 | . . 3 . 2 Classes Destroyed 12 | . 8 2 . 2 Worker 3 | . 1 1 . 1 Builder 1 | . 1 . . . Tunneler 1 | . . 1 . . Hauler 2 | . 2 . . . Recycler 3 | . 3 . . . Operator 1 | . 1 . . . Watcher 2 | . 2 . . . Swarmer 8 | . 3 3 . 2 Grunt 10 | . 9 . . 1 Duelist 1 | . . . . 1 Sentry 2 | . . 2 . . Assembled 1 | . . . . 1 Best Kill Streak 5 | . 5 3 . 3 Combat Bots Only 4 | . 4 3 . 3 Max Kills in Single Turn 3 | . 2 3 . 1 Gunslinging 1 | . 1 . . . Exploded 3 | . . 3 . 1 Melee . | . . . . . Uniques/NPCs Destroyed . | . . . . . Combat | -11 -10 -10 -10 -9 -------- Run | Scr Mat Min Exi Min Damage Taken 1193 | . 468 468 . 257 Core 255 | . 88 99 . 68 Absorbed by Shields . | . . . . . Core Remaining (%) 100 | 100 . . . . Volleys Fired 120 | . 89 20 . 11 Largest 2 | . 2 2 . 2 Hottest 101 | . 85 76 . 101 Shots Fired 231 | . 173 38 . 20 Gun 225 | . 172 35 . 18 Cannon 2 | . . 2 . . Launcher 4 | . 1 1 . 2 Special . | . . . . . Kinetic 112 | . 75 31 . 6 Thermal 87 | . 74 4 . 9 Explosive 4 | . 1 1 . 2 Electromagnetic 28 | . 23 2 . 3 Robot Hit Streak 20 | . 11 20 . 8 Robot Miss Streak 8 | . 8 1 . 1 Penetration Max . | . . . . . Secondary Targets 3 | . 2 . . 1 Max Gunslinging Chain 1 | . 1 . . 1 Shots Hit Robots 145 | . 99 33 . 13 Core Hits 66 | . 44 12 . 10 Critical Kills . | . . . . . Critical Parts Destroyed . | . . . . . Critical Strikes 1 | . 1 . . . Burn 1 | . 1 . . . Melee Attacks . | . . . . . Impact . | . . . . . Slashing . | . . . . . Piercing . | . . . . . Sneak Attacks . | . . . . . Combat Hostiles . | . . . . . Follow-up Attacks . | . . . . . Damage Inflicted 1735 | . 1026 426 . 283 Guns 1446 | . 1026 263 . 157 Cannons 20 | . . 20 . . Explosions 269 | . . 143 . 126 Melee . | . . . . . Ramming . | . . . . . Kinetic 586 | . 347 206 . 33 Thermal 637 | . 494 57 . 86 Explosive 269 | . . 143 . 126 Electromagnetic 243 | . 185 20 . 38 Impact . | . . . . . Slashing . | . . . . . Piercing . | . . . . . Highest Corruption 1 | . 1 1 1 1 Average Corruption 1 | . 1 1 1 1 Corruption Purged . | . . . . . Corruption Blocked . | . . . . . Effects 10 | . 2 1 4 3 Message Errors 1 | . . . 1 . Matter Fused 4 | . 1 . 3 . Heat Flow Errors 1 | . . . . 1 Energy Discharges 1 | . . . . 1 Data Loss (minor) 2 | . 1 . . 1 Alerts 1 | . . 1 . . Overload Shots . | . . . . . Overflow Damage 20 | . . . . 20 Projectiles . | . . . . . Explosions 20 | . . . . 20 Melee . | . . . . . Knockbacks . | . . . . . Impact . | . . . . . Kinetic . | . . . . . Secondary . | . . . . . Self-Inflicted Damage 43 | . . 40 . 3 Shots 2 | . . 1 . 1 Rammed . | . . . . . Targets Rammed . | . . . . . Kicked . | . . . . . Crushed . | . . . . . Highest Temperature 208 | . 126 13 . 208 Average Temperature 35 | . 35 9 . 51 Received Heat Transfer 426 | . 237 171 . 18 Siege Activations . | . . . . . Robots Corrupted . | . . . . . Combat Hostiles . | . . . . . Parts Fried 1 | . 1 . . . Impact Corruptions . | . . . . . Robots Melted . | . . . . . Combat Hostiles . | . . . . . Parts Melted . | . . . . . Heat Transferred 1555 | . 1185 148 . 222 Parts Sabotaged . | . . . . . Parts Stolen . | . . . . . Parts Stripped . | . . . . . Power Chain Reactions . | . . . . . Missiles Intercepted . | . . . . . Alert | -11 -10 -10 -10 -9 ------- Run | Scr Mat Min Exi Min Peak Influence 266 | . 266 160 . 125 Initial 19 | . . 19 . . Average 111 | . 122 115 . 68 Maximum Alert Level 1 | . 1 . . . Low Security (%) 95 | 100 93 100 . 100 Level 1 4 | . 6 . . . Level 2 . | . . . . . Level 3 . | . . . . . Level 4 . | . . . . . Level 5 . | . . . . . High Security . | . . . . . Max Security . | . . . . . Squads Dispatched 4 | . 4 . . . Investigation 2 | . 2 . . . Extermination . | . . . . . Reinforcement 2 | . 2 . . . Assault . | . . . . . Garrison . | . . . . . Intercept . | . . . . . Searches Triggered . | . . . . . Construction Impeded . | . . . . . Haulers Reinforced . | . . . . . Active Scanning Responses . | . . . . . Cargo Convoy Interrupts . | . . . . . Stealth | -11 -10 -10 -10 -9 --------- Run | Scr Mat Min Exi Min Distress Signals 1 | . 1 . . . Communications Jammed . | . . . . . Distress Signals . | . . . . . Times Spotted 38 | . 25 5 . 8 Peak Tracking Total 5 | . 4 3 . 5 Tactical Retreats 2 | . 2 . . . Traps | -11 -10 -10 -10 -9 ------- Run | Scr Mat Min Exi Min Traps Triggered 2 | . 2 . . . Indirectly . | . . . . . Trap Hack Attempts . | . . . . . Triggered . | . . . . . Disarmed . | . . . . . Reprogrammed . | . . . . . Reused . | . . . . . Traps Extracted . | . . . . . Installed . | . . . . . Triggered 1 | . . . . 1 Most Traps Carried 1 | . . 1 1 1 Machines | -11 -10 -10 -10 -9 ---------- Run | Scr Mat Min Exi Min Machines Disabled . | . . . . . Max in Single Turn . | . . . . . Machines Sabotaged . | . . . . . Overloaded Fab Kills . | . . . . . Hacking | -11 -10 -10 -10 -9 --------- Run | Scr Mat Min Exi Min Machines Accessed 9 | . 8 . 1 . Terminals 6 | . 6 . . . Fabricators . | . . . . . Repair Stations . | . . . . . Recycling Units 2 | . 2 . . . Scanalyzers . | . . . . . Garrison Access . | . . . . . Total Hacks 21 | . 20 . 1 . Successful 12 | . 11 . 1 . Failed 8 | . 8 . . . Catastrophic 1 | . 1 . . . Database Lockouts 1 | . 1 . . . Manual 9 | . 9 . . . Terminals 18 | . 18 . . . Fabricators . | . . . . . Repair Stations . | . . . . . Recycling Units 2 | . 2 . . . Scanalyzers . | . . . . . Garrison Access . | . . . . . Terminal Hacks 10 | . 9 . 1 . Record 1 | . . . 1 . Robot Schematic 1 | . 1 . . . Robot Analysis 1 | . 1 . . . Prototype ID Bank 3 | . 3 . . . Locate Traps 2 | . 2 . . . Hauler Manifests 1 | . 1 . . . Zone Layout 1 | . 1 . . . Fabricator Hacks . | . . . . . Repair Station Hacks . | . . . . . Recycling Unit Hacks . | . . . . . Scanalyzer . | . . . . . Garrison Access Hacks . | . . . . . Unauthorized Hacks 2 | . 2 . . . Terminals . | . . . . . Fabricators . | . . . . . Repair Stations . | . . . . . Recycling Units 2 | . 2 . . . Tunnel 2 | . 2 . . . Scanalyzers . | . . . . . Garrison Access . | . . . . . Data Cores Recovered . | . . . . . Used . | . . . . . Hacking Detections 3 | . 3 . . . Full Trace Events . | . . . . . Feedback Events . | . . . . . Feedback Blocked . | . . . . . Robot Schematics Acquired 1 | . 1 . . . Robots Built . | . . . . . Authchips . | . . . . . Time . | . . . . . Total Robot Build Rating . | . . . . . Part Schematics Acquired . | . . . . . Parts Built . | . . . . . Authchips . | . . . . . Time . | . . . . . Total Part Build Rating . | . . . . . Parts Repaired . | . . . . . Time . | . . . . . Parts Recycled . | . . . . . Recycled Matter . | . . . . . Retrieved Matter . | . . . . . Retrieved Components . | . . . . . Parts Scanalyzed . | . . . . . Part Schematics Acquired . | . . . . . Parts Damaged . | . . . . . Bothacking | -11 -10 -10 -10 -9 ------------ Run | Scr Mat Min Exi Min Used RIF Installer . | . . . . . Robots Hacked . | . . . . . Non-combat . | . . . . . Combat . | . . . . . Robot Hacks Applied . | . . . . . Relay Couplers Released . | . . . . . Fabnet Peak Effective % . | . . . . . Robots Rewired . | . . . . . Allies Hacked . | . . . . . Hacks Repelled . | . . . . . Allies | -11 -10 -10 -10 -9 -------- Run | Scr Mat Min Exi Min Total Allies 1 | . . 1 . . Largest Group 1 | . . 1 . . Highest-Rated Group 31 | . . 31 . . Highest-Rated Ally 31 | . . 31 . . Total Orders . | . . . . . Ally Attacks . | . . . . . Total Damage . | . . . . . Kills . | . . . . . Allies Corrupted . | . . . . . Allies Melted . | . . . . . Intel | -11 -10 -10 -10 -9 ------- Run | Scr Mat Min Exi Min Robot Analysis Total 1 | . 1 . . . Derelict Logs Recovered 2 | . . 1 . 1 Drone Launches . | . . . . . Drone Recoveries . | . . . . . Exploration | -11 -10 -10 -10 -9 ------------- Run | Scr Mat Min Exi Min Turns Passed 3012 | 5 1645 543 336 483 Spaces Moved 1334 | 1 695 243 171 224 Core . | . . . . . Treads 478 | 1 477 . . . Legs . | . . . . . Wheels 856 | . 218 243 171 224 Hover . | . . . . . Flight . | . . . . . Fastest Speed 160 | 160 160 195 195 195 Average Speed 189 | 160 184 195 195 195 Slowest Speed 320 | 160 320 195 195 195 Overloaded Moves . | . . . . . Propulsion Burnouts . | . . . . . Robots Hopped . | . . . . . Cave-ins Triggered . | . . . . . Exploration Rate (%) 46 | 2 85 51 49 47 Regions Visited 4 Branch Regions 3 Pre-discovered Areas 4 | . 2 1 1 . Known Exits Taken . | . . . . . Unknown Exits Taken 4 | 1 1 1 1 . Scrap Searched 1 | . . . . 1 Spaces Dug 20 | . . . . 20 Terrain Destroyed 37 | . 10 7 . 20 Melee . | . . . . . Projectile . | . . . . . AOE 37 | . 10 7 . 20 Terrain Rammed . | . . . . . Walls Destroyed . | . . . . . Machines Disabled . | . . . . . Actions | -11 -10 -10 -10 -9 --------- Run | Scr Mat Min Exi Min Total 1615 | 6 903 279 176 251 Wait 85 | . 65 9 . 11 Move 1330 | . 694 242 170 224 Hop . | . . . . . Pick Up 36 | . 30 3 2 1 Fast Attach 3 | . 3 . . . Attach 8 | 2 1 2 . 3 Detach . | . . . . . Swap 13 | . 9 3 . 1 Drop 20 | 4 12 . 4 . Fire 120 | . 89 20 . 11 Melee . | . . . . . Ram . | . . . . . Kick . | . . . . . Crush . | . . . . . Escape Stasis . | . . . . . Rewire . | . . . . . Trap . | . . . . . Miscellaneous . | . . . . . Route ------- -11/Scrapyard -10/Materials (discovered 2 exits: [*Mat] / [*Min]) -10/Mines (discovered 3 exits: [*Mat x2] / *Exi) -10/Exiles -9/Mines History --------- Turn | Location | Event 6 | -11/Scrapyard | Discovered new exit (range 0) 6 | -11/Scrapyard | Entered Materials 304 | -10/Materials | Discovered new exit (range 7) 317 | -10/Materials | Build established: Mutant 750 | -10/Materials | Central database locked down 1142 | -10/Materials | Discovered new exit (range 14) 1651 | -10/Materials | Entered Mines 1699 | -10/Mines | Core integrity fell below 50% 1775 | -10/Mines | Discovered new exit (range 16) 1847 | -10/Mines | Found a hidden stash of uninstalled traps 1886 | -10/Mines | Received a Mining Laser from a helpful Derelict 1891 | -10/Mines | Discovered new exit (range 8) 1982 | -10/Mines | Learned location of Zion (-6) 2061 | -10/Mines | Build established: Scavenger-Mutant 2186 | -10/Mines | Deemed a non-threat by the Exiles lab entrance 2186 | -10/Mines | Discovered new exit (range 5) 2194 | -10/Mines | Entered Exiles 2243 | -10/Exiles | Met 8R-AWN 2280 | -10/Exiles | Met EX-HEX 2356 | -10/Exiles | Met EX-DEC 2514 | -10/Exiles | Discovered new exit (range 10) 2530 | -10/Exiles | Entered Mines 2532 | -9/Mines | Build established: Mutant 2543 | -9/Mines | Met a Derelict bent on vengeance 2585 | -9/Mines | Learned Materials terminal intel 2958 | -9/Mines | Build established: Scavenger-Mutant 2967 | -9/Mines | Assembled infested the area 2972 | -9/Mines | Assisted by a Guerilla fighting off Assembled 3006 | -9/Mines | Core integrity fell below 20% 3013 | -9/Mines | Destroyed by as-74882 with Assembled Blade Last Messages --------------- 02781_ Searching scrap... 02781_ Found Med. Matter Pod. 02781_ Found Flail. 02781_ Found Cooling System. 02781_ Found 31 Matter. 02785_ Acquired Flail. 02900_ K-01 Serf collects debris. 02967_ ALERT: Infestation in the mines, dispatching Demolisher response squad. 02972_ A derelict emerges from the shadows: "You need to get out of here! I've been tracking a group of Assembled to figure out where they're coming from, and they're closing on this area, come on!" 02999_ Lgt. Nuclear Core destroyed. 03002_ Lgt. Assault Rifle destroyed. 03004_ L-31 Rogue destroyed. 03007_ G-34 Mercenary destroyed. 03007_ Switching to secondary target: as-91801. 03008_ K-01 Serf collects debris. 03010_ as-91801 destroyed. 03012_ K-01 Serf collects debris. Map ----- +----------------------------------------------------+ | ???????????????????# !! """ ## | | ??????????????????## % ### ## | | ?????????????????## #?## #### ### | | ?????????????????# ##??####??## #?# | | ?????????????????# ##??????????# ### | | ?????????????????# ##??????????## ## | | ?????????????????## ###??????????## ## | | ??????????????????### ####????????????# ### | | ????????????????????#=################# | | ????????????????????#* | | ????????????????????# ########### ###### ##### | | ????????????????????# #?????????# #????####???? | | ????????????????????# #?????????# #???????????? | | ????????????????##### #?????????# #???????????? | | ????????????????# ?????????# #???????????? | | ????????????????# ?????????# #??####?????? | | ????????????????# """?????????# #### ##????? | | ???????????????? """?????????# #????? | | ?????????????????% """?????????##### #????? | | ?????????????????? ??????????????## ##???? | | ??????????????????# #?????????????## ##??? | | ??????????????????# #######??????## ##?? | | ??????????????????# =%= #??????# ##? | | ??????????????????####/## #??????# #? | | ?????????????????????#k## ######## # | | ?????????????????????#@## # | | ?????????????????????#a########### # | | ?????????????????????a ?????????## | | ?????????????????????###??????????##### | | ???????????????????????????????????????# | | ????????????????????????????????????????# | | ?????????????????????????????????????????#### | | ?????????????????????????????????????????????# | | ??????????????????????????????????????????????? | | ??????????????????????????????????????????????? | | ??????????????????????????????????????????????? | | ??????????????????????????????????????????????? | | ??????????????????????????????????????????????? | | ??????????????????????????????????????????????? | | ??????????????????????????????????????????????? | | ??????????????????????????????????????????????? | | ??????????????????????????????????????????????? | | ??????????????????????????????????????????????? | | ??????????????????????????????????????????????? | | ??????????????????????????????????????????????? | | ??????????????????????????????????????????????? | | ??????????????????????????????????????????????? | | ??????????????????????????????????????????????? | | ??????????????????????????????????????????????? | | ??????????????????????????????????????????????? | +----------------------------------------------------+ Best States ------------- Heat Dissipation 39 Energy Generation 14 Energy Capacity 250 Matter Stores 300 Matter Capacity 300 Sight Range 16 Terrain Scan Density 10 Evasion (%) 40 Recoil Reduction 2 Item Schematics ----------------- None Robot Schematics ------------------ M-13 Machinist | -10/Materials | Hacked Fabricated ------------ Nothing Alien Tech Used ----------------- None Achievements -------------- None Challenges ------------ None Game ------ Seed TrapEncryptedNeutralizer Manual? 0 Play Time 00:14:54 Cumulative 722.5 hours Start 2022.12.15 @ 01:34:20 End 2022.12.15 @ 01:47:34 Sessions 1 Manual Loads 0 Difficulty Rogue Special Mode None Game No. 641 Rogue 641 Adventurer 0 Explorer 0 Win Type - Total 33 Types 14/5/6/1/1/1/4/1/0 Lore% 93 Gallery% 97 Achievement% 80 Wizard Run 0 Options --------- ASCII 0 Keyboard 0 Movement Mouse Keybinds 1 Fullscreen 2 Font 24/Smallcaps Map View 76x50 Tactical HUD 1 Map Filters NONE Filters NONE Steam 1 RUN: 3bfe8b77-7685-4c57-be44-4923429f3123